 Dungeon Crawl Stone Soup version 0.28.0-53-g5a82cb258f (webtiles) character file.

Game seed: 1249432334813100502

55 DildoBatman the Conjurer (level 4, -2/29 (30) HPs)
             Began as a Formicid Conjurer on July 7, 2022.
             Slain by a kobold
             ... wielding a +2 short sword of venom
              (3 damage)
             ... on level 2 of the Dungeon.
             The game lasted 00:03:38 (1519 turns).

DildoBatman the Conjurer (Formicid Conjurer)        Turns: 1519, Time: 00:03:38

HP:   -2/29 (30)    AC:  3    Str: 12    XL:     4   Next: 14%
MP:   2/7           EV: 12    Int: 17    God:
Gold: 74            SH:  0    Dex: 11    Spells: 4/7 levels left

rFire   . . .      SeeInvis +   a - +0 hunting sling
rCold   . . .      Faith    .   (no shield)
rNeg    . . .      Spirit   .   f - +0 robe
rPois   .          Reflect  .   (helmet unavailable)
rElec   .          Harm     .   (no cloak)
rCorr   .          Rampage  .   c - +0 pair of gloves
Will    .....                   (no boots)
Stlth   ++........              (no amulet)
HPRegen 0.09/turn               (no ring)
MPRegen 0.10/turn               (no ring)

@: lethally poisoned (-2 -> -10), lightly drained
A: permanent stasis, dig shafts and tunnels, antennae 3, four strong arms
a: Dig, Shaft Self


You were on level 2 of the Dungeon.
You visited 1 branch of the dungeon, and saw 2 of its levels.

You collected 74 gold pieces.

Inventory:

Hand Weapons
 a - a +0 hunting sling (weapon)
 b - a +1 dagger of freezing
Missiles
 e - 36 stones (quivered ammo)
 h - 31 arrows
 k - 3 atropa-tipped darts
Armour
 c - a +0 pair of gloves (worn)
 f - a +0 robe (worn)
Jewellery
 g - an amulet of the acrobat
Scrolls
 d - a scroll of identify {unknown}
Potions
 i - a potion of degeneration {unknown}
 j - a potion of curing {unknown}
 l - a potion of resistance {unknown}


   Skills:
 - Level 1.7 Dodging
 - Level 2.4 Stealth
 - Level 2.1 Spellcasting
 * Level 4.9 Conjurations


You had 4 spell levels left.
You knew the following spells:

 Your Spells              Type           Power      Damage    Failure   Level
a - Searing Ray           Conj           36%        2d5       3%          2
c - Magic Dart            Conj           72%        1d6       2%          1

Your spell library contained the following spells:

 Spells                   Type           Power      Damage    Failure   Level
 Beastly Appendage        Tmut           2%         N/A       19%         1
 Dazzling Flash           Conj/Hex       20%        N/A       21%         3
 Wereblood                Tmut           1%         N/A       28%         2
 Spider Form              Tmut/Pois      1%         N/A       50%         3
 Fulminant Prism          Conj/Hex       5%         3d7       56%         4
 Iskenderun's Mystic Bla  Conj/Tloc      10%        2d4       56%         4


Dungeon Overview and Level Annotations

Branches:
Dungeon (2/15)

Altars:


Innate Abilities, Weirdness & Mutations

You cannot be hasted, slowed, berserked, paralysed or teleported.
You can dig through walls and to a lower floor.
You have a pair of large antennae on your head. (SInv)
Your four strong arms can wield two-handed weapons with a shield.


Message History

The kobold barely misses you. What are your orders? t - Shout!
Orders for allies: a - Attack new target. r - Retreat! s - Stop attacking. g - Guard the area. f - Follow me.
Anything else - Cancel.
You shout for attention!
You feel sick.
The kobold hits you with a +2 short sword of venom.
You are more poisoned.
What are your orders? t - Shout!
Orders for allies: a - Attack new target. r - Retreat! s - Stop attacking. g - Guard the area. f - Follow me.
Anything else - Cancel.
You shout for attention!
You feel sick. The kobold misses you. What are your orders? t - Shout!
Orders for allies: a - Attack new target. r - Retreat! s - Stop attacking. g - Guard the area. f - Follow me.
Anything else - Cancel.
You shout for attention!
You feel sick.
The kobold hits you with a +2 short sword of venom.
You are more poisoned.
What are your orders? t - Shout!
Orders for allies: a - Attack new target. r - Retreat! s - Stop attacking. g - Guard the area. f - Follow me.
Anything else - Cancel.
You shout for attention!
You feel sick.
The kobold hits you with a +2 short sword of venom.
You die...

#############
#......†...)#
#.#########@#
#K.#
#.#.######
#.###.....#
... #.####.#
.........#
#.#
(.#####..#
#.##### (.
#..# #.....#
#..# #####.#


You could see a kobold.

Vanquished Creatures
  An adder (D:2)
  An adder skeleton (D:2)
  5 ball pythons
  5 endoplasms (D:1)
  5 giant cockroaches
  3 goblins
  3 hobgoblins
  3 jackals (D:1)
  3 bats
  2 frilled lizards (D:1)
  3 kobolds (D:1)
  4 rats
38 creatures vanquished.

Vanquished Creatures (others)
  4 fungi (D:1)
  2 plants (D:1)
6 creatures vanquished.

Grand Total: 44 creatures vanquished

Notes
Turn   | Place    | Note
-------+----------+-------------------------------------------
     0 | D:1      | DildoBatman the Formicid Conjurer began the quest for the
                  | Orb.
     0 | D:1      | Reached XP level 1. HP: 13/13 MP: 3/3
   200 | D:1      | Reached XP level 2. HP: 13/19 MP: 0/5
   212 | D:1      | Learned a level 2 spell: Searing Ray
   228 | D:1      | Reached skill level 4 in Conjurations
   573 | D:1      | Reached XP level 3. HP: 19/24 MP: 1/6
   794 | D:1      | Found a faded altar of an unknown god.
  1498 | D:2      | Reached XP level 4. HP: 26/29 MP: 0/7
  1519 | D:2      | HP: 1/29 [poisoned by a kobold]
  1519 | D:2      | Slain by a kobold

Illustrated notes

Levels and vault maps discovered:
D:1:      sevenhm_arrival_forest_fort_large_4, layout_basic,
          shapermc_ecumenical_altar_ellora, minmay_pentomino_r2
D:2:      layout_loops_ring

Skill      XL: |  1  2 |
---------------+-------+-----
Conjurations   | 4 |  4.9
Dodging        | |  1.7
Stealth        | |  2.4
Spellcasting   | |  2.1

Action                   |  1- 3 |  4- 6 || total
-------------------------+-------+-------++-------
Melee: Club              |     5 |       ||     5
       Dagger            |    12 |       ||    12
       Punch             |     1 |       ||     1
 Fire: Hunting sling     |    34 |       ||    34
 Cast: Magic Dart        |    38 |       ||    38
       Searing Ray       |     6 |       ||     6
 Abil: Dig               |     2 |       ||     2
 Stab: Sleeping          |     1 |       ||     1
Armor: Robe              |    10 |     4 ||    14
Dodge: Dodged            |    22 |     8 ||    30
